 Dungeon Crawl Stone Soup version 0.20-a0-555-gf6ae02d (webtiles) character file.

93 M4edhros the Sneak (level 4, -5/28 HPs)
             Began as an Octopode Artificer on Feb 6, 2017.
             Killed from afar by an orc wizard (11 damage)
             ... with a puff of flame
             ... on level 4 of the Dungeon.
             The game lasted 00:01:11 (1245 turns).

M4edhros the Sneak (Octopode Artificer)             Turns: 1245, Time: 00:01:12

Health: -5/28      AC:  1    Str:  9 (11) XL:     4   Next: 62%
Magic:  6/6        EV: 13    Int: 10 (13) God:
Gold:   40         SH:  0    Dex: 11 (13) Spells: 3/3 levels left

rFire    . . .     SeeInvis .   a - +0 short sword
rCold    . . .     Gourm    .   (no shield)
rNeg     . . .     Faith    .   (helmet restricted)
rPois    .         Spirit   .   (no amulet)
rElec    .         Reflect  .   (no ring)
rCorr    .         Harm     .   (no ring)
MR       .....                  (no ring)
Stlth    ++++......             (no ring)
Regen    0.1/turn               (no ring)
                                (no ring)
                                (no ring)
                                (no ring)

@: no status effects
A: almost no armour, stealthy swim, amphibious, 8 rings, constrict 8, camouflage
1, gelatinous body 1
a: no special abilities


You were on level 4 of the Dungeon.
You were hungry.

You visited 1 branch of the dungeon, and saw 4 of its levels.

You collected 40 gold pieces.

Inventory:

Hand Weapons
 a - a +0 short sword (weapon)
Wands
 b - a wand of flame (12/48)
 c - a wand of enslavement (8/24)
 d - a wand of random effects (13/48)
Scrolls
 e - 2 scrolls of identify {unknown}
 g - a scroll of remove curse {unknown}
Comestibles
 f - a bread ration


   Skills:
 - Level 1.0 Fighting
 - Level 1.0 Short Blades
 - Level 2.0 Dodging
 + Level 6.2 Stealth
 - Level 3.2 Evocations


You had 3 spell levels left.
You didn't know any spells.

Dungeon Overview and Level Annotations

Branches:
Dungeon (4/15)
 Temple: D:4-7

Altars:


Innate Abilities, Weirdness & Mutations

You cannot wear most types of armour.
You are very stealthy in the water. (Stealth+)
You are amphibious.
You can wear up to eight rings at the same time.
You can use your tentacles to constrict eight enemies at once.
Your skin changes colour to match your surroundings (Stealth+).
Your rubbery body absorbs attacks. (AC +1, EV +1)


Message History

Your orc closely misses the orc wizard.
The orc wizard gestures at you while chanting.
The puff of frost hits your orc.
Your orc barely misses the orc wizard.
The orc wizard hits your orc but does no damage.
Things that are here:
a mace; a leather armour It was a potion of degeneration.
There was something very wrong with that liquid.
You feel weakened.
You feel dopey.
You feel clumsy.
The orc wizard hits your orc with a dagger.
Your orc dies!
Evoke which item? (* to show all) (? for menu, Esc to quit)
Aiming: Random Effects
Press: ? - help, Shift-Dir - straight line, f - orc wizard
Aim: an orc wizard, wielding a dagger and wearing a robe (fast, unusually agile)
The puff of frost misses the orc wizard.
This wand has 13 charges left.
The orc wizard gestures at you while chanting.
The puff of flame hits you!
You die...

##.# ##....### ..#
##.###.#.#.#### ..#
#.............###..#
#......#.#.##.#....###
#.###......##.#......
#.# #.##.#<##.#..(.#
#.# #.####.##.##o..#
#.###.####...)..)..#
#...............@..#
#.###.#######.####.#
#.# #.# #.# # #.# #.#
#.# #.###)## #.#
#.##.).######.#
#.............#
####...######## ##.##


You could see an orc wizard.

Vanquished Creatures
  An orc wizard (D:4)
  An adder skeleton (D:4)
  2 leopard geckos
  An orc (D:4)
  A bat (D:2)
  A giant cockroach (D:2)
  A rat (D:1)
8 creatures vanquished.

Vanquished Creatures (collateral kills)
  An orc wizard (D:4)
  An orc priest (D:4)
  An ooze (D:4)
  3 orcs (D:4)
6 creatures vanquished.

Vanquished Creatures (others)
  A scorpion (D:4)
  An orc (D:4)
2 creatures vanquished.

Grand Total: 16 creatures vanquished

Notes
Turn   | Place    | Note
-------+----------+-------------------------------------------
     0 | D:1      | M4edhros the Octopode Artificer began the quest for the Orb.
     0 | D:1      | Reached XP level 1. HP: 13/13 MP: 3/3
    55 | D:2      | Reached skill level 2 in Stealth
   447 | D:4      | Reached skill level 3 in Stealth
   447 | D:4      | Reached XP level 2. HP: 6/18 MP: 4/4
   610 | D:4      | Noticed a scorpion
   651 | D:4      | Reached skill level 4 in Stealth
   651 | D:4      | Reached XP level 3. HP: 5/23 MP: 5/5
   661 | D:4      | Reached skill level 5 in Stealth
   964 | D:4      | Reached XP level 4. HP: 25/28 MP: 6/6
   969 | D:4      | Reached skill level 6 in Stealth
  1245 | D:4      | Killed from afar by an orc wizard

Vault maps used:
D:1:      dpeg_arrival_rooms_c, minmay_lizard_king
D:2:      minmay_door_path, chequers_ecumenical_altar_island, glass_columns_c
D:3:      serial_bayou_pond_c, corexii_item_surrounded_by_moat,
          nicolae_gozag_seed_capital
D:4:      minitemple, minmay_temple_entry_poolview, first_bread, uniq_edmund

Skill      XL: |  1  2  3  4 |
---------------+-------------+-----
Stealth        | 3 4 5 6 |  6.2
Fighting       | |  1.0
Short Blades   | |  1.0
Dodging        | |  2.0
Evocations     | |  3.2

Action                   |  1- 3 |  4- 6 || total
-------------------------+-------+-------++-------
Melee: Short sword       |    16 |     7 ||    23
       Constrict         |     4 |     2 ||     6
       Tentacles         |     2 |     3 ||     5
Evoke: Wand              |     5 |     7 ||    12
  Use: Potion            |       |     1 ||     1
 Stab: Sleeping          |     4 |       ||     4
Armor: Skin              |     1 |     2 ||     3
Dodge: Dodged            |     9 |     5 ||    14
